 Dungeon Crawl Stone Soup version 0.18-a0-1327-gce91241 (webtiles) character file.

821 Reinor the Charlatan (level 7, 0/35 HPs)
             Began as a Spriggan Abyssal Knight on Feb 16, 2016.
             Was a Priest of Lugonu.
             Slain by a centaur (7 damage)
             ... on level 5 of the Dungeon.
             The game lasted 00:16:03 (6419 turns).

Reinor the Charlatan (Spriggan Abyssal Knight)      Turns: 6419, Time: 00:16:03

Health: 0/35       AC:  4    Str:  8    XL:     7   Next: 63%
Magic:  12/12      EV: 18    Int: 15    God:    Lugonu [***...]
Gold:   173        SH:  0    Dex: 16    Spells: 0 memorised, 6 levels left

rFire  . . .     SeeInvis +     a - +1 short sword
rCold  . . .     Gourm    .     m - +2 robe {MR+}
rNeg   . . .     Faith    .     (shield restricted)
rPois  .         Spirit   .     (helmet restricted)
rElec  .         Dismiss  .     (no cloak)
rCorr  .         Reflect  .     (gloves unavailable)
SustAt .         Harm     .     (boots unavailable)
MR     ++...                    e - amulet of rage
Stlth  +++.......               (no ring)
                                (no ring)

@: very quick, very resistant to hostile enchantments, fairly stealthy
A: unfitting armour, see invisible, herbivore 3, speed 3, slow metabolism 2
a: Depart the Abyss, Bend Space, Banish, Renounce Religion, Evoke Berserk Rage


You were on level 5 of the Dungeon.
You worshipped Lugonu.
Lugonu was most pleased with you.
You were near starving.

You visited 1 branch of the dungeon, and saw 5 of its levels.
You visited the Abyss 1 time.

You collected 173 gold pieces.

Inventory:

Hand Weapons
 a - a +1 short sword (weapon)
 q - a +0 blowgun
Missiles
 p - 2 throwing nets (quivered)
 r - 6 poisoned needles
Armour
 m - a +2 robe of magic resistance (worn)
Jewellery
 e - an amulet of rage (around neck)
 k - an uncursed ring of protection from fire {unknown}
 n - an uncursed amulet of dismissal
Scrolls
 b - a scroll of teleportation
 d - 4 scrolls of remove curse
 g - a scroll of enchant armour
 u - a scroll of noise
Potions
 f - a potion of lignification
 i - 2 potions of magic
 j - 3 potions of might
 l - 3 potions of curing
 o - 2 potions of cure mutation
 t - a potion of flight {unknown}
Books
 h - a book of Unlife

   Spells                             Type                      Level
   a - Recall                         Summoning/Translocation      3
   b - Animate Dead                   Necromancy                   4
   c - Control Undead                 Necromancy                   4
   d - Cigotuvi's Embrace             Necromancy                   5
   e - Death Channel                  Necromancy                   6
   f - Simulacrum                     Ice/Necromancy               6
Comestibles
 c - 7 bread rations
 s - a fruit


   Skills:
 - Level 2.4 Fighting
 - Level 6.2 Short Blades
 - Level 3.5 Dodging
 - Level 3.0 Stealth
 - Level 4.1 Invocations
 + Level 6.5 Evocations


You had 6 spell levels left.
You didn't know any spells.

Dungeon Overview and Level Annotations

Branches:
Dungeon (5/15)
 Temple: D:4-7

Altars:
Cheibriados
Dithmenos
Elyvilon
Pakellas
Ru
Xom

Shops:
D:4 !


Innate Abilities, Weirdness & Mutations

You are tiny and cannot use many weapons and most armour.
You have supernaturally acute eyesight.
You are an herbivore.
You cover ground extremely quickly.
You need consume almost no food.


Message History

The centaur is heavily wounded.
The centaur completely misses you.
You hit the centaur.
The centaur is heavily wounded.
The centaur closely misses you.
You hit the centaur.
The centaur is heavily wounded.
The centaur hits you but does no damage.
The centaur completely misses you.
You barely miss the centaur.
The centaur is heavily wounded.
The centaur hits you.
* * * LOW HITPOINT WARNING * * *
You hit the centaur but do no damage.
The centaur is heavily wounded.
The centaur closely misses you.
You hit the centaur.
The centaur is heavily wounded.
The centaur hits you!
You die...

.#.#...........########.##...#.##
.#.#...............####.##...#...
.#.#...........###......##...#.##
.#.# ####.#.#### #########.#.#...
.#.# #.#......... #.#.#... .#.# .
########.## #.#..... ##.# .
.........# .##.... ...#######
#..c...# ...... ...<.....#
#.<@...# #... ..(....#. #......#
#.## ..##.###.# #......#
#.##.###.# #......# #.#....#.#
##.#...# #.#.####.# #)#...#
#.#.#..#.# #.#...# #.#.#..#.##
#.#..... #.#.#..#..#####.#...###


You could see a centaur.

Vanquished Creatures
  Sigmund (D:3)
  Purgy (D:3)
  2 ogres (D:5)
  2 hounds (D:4)
  Jessica (D:3)
  An iguana (D:3)
  2 orc wizards (D:4)
  2 worker ants
  A worker ant zombie (D:3)
  3 gnolls (D:5)
  4 adders
  A shadow imp (D:5)
  2 oozes (D:4)
  2 adder skeletons (D:4)
  6 giant geckos
  9 orcs
  7 bats
  6 giant cockroaches
  15 goblins
  13 hobgoblins
  2 jackals (D:1)
  A quokka (D:1)
  2 ball pythons
  5 giant newts
  8 kobolds
  8 rats
107 creatures vanquished.

Notes
Turn   | Place    | Note
--------------------------------------------------------------
     0 | Abyss:1  | Reinor the Spriggan Abyssal Knight began the quest for the Orb.
     0 | Abyss:1  | Reached XP level 1. HP: 11/11 MP: 3/3
    33 | Abyss:1  | Noticed a small abomination
    37 | Abyss:1  | Noticed a small abomination
    89 | Abyss:1  | Noticed a chaos spawn
   112 | Abyss:1  | Noticed a giant orange brain
   268 | Abyss:1  | Noticed a large abomination
   293 | Abyss:1  | Noticed a ynoxinul
   299 | Abyss:1  | Noticed a raiju
   302 | D:1      | Escaped the Abyss
   602 | D:1      | Reached skill level 1 in Stealth
   720 | D:1      | Reached XP level 2. HP: 14/16 MP: 4/4
   846 | D:1      | Reached * piety under Lugonu
  1469 | D:2      | Reached XP level 3. HP: 19/19 MP: 5/5
  1956 | D:2      | Reached skill level 4 in Short Blades
  2015 | D:2      | Reached ** piety under Lugonu
  2025 | D:2      | Reached XP level 4. HP: 16/23 MP: 6/6
  2477 | D:3      | Found a snail-covered altar of Cheibriados.
  2477 | D:3      | Found a shadowy altar of Dithmenos.
  2478 | D:3      | Found a white marble altar of Elyvilon.
  2672 | D:3      | Noticed Purgy
  2708 | D:3      | Noticed Sigmund
  2872 | D:3      | Killed Purgy
  2872 | D:3      | Reached skill level 5 in Short Blades
  2872 | D:3      | Reached XP level 5. HP: 16/27 MP: 7/7
  3035 | D:3      | Killed Sigmund
  3035 | D:3      | Reached skill level 6 in Short Blades
  3035 | D:3      | Reached XP level 6. HP: 32/32 MP: 8/8
  3961 | D:3      | Noticed Jessica
  3965 | D:3      | Killed Jessica
  3965 | D:3      | Reached *** piety under Lugonu
  4062 | D:3      | Found a sacrificial altar of Ru.
  4067 | D:3      | Found a shimmering altar of Xom.
  4528 | D:4      | Found Vilica's Distillery.
  4879 | D:4      | Reached XP level 7. HP: 21/35 MP: 11/11
  5649 | D:5      | Entered Level 5 of the Dungeon
  5748 | D:5      | Reached skill level 5 in Evocations
  6223 | D:5      | Found an oddly glowing altar of Pakellas.
  6419 | D:5      | Slain by a centaur

Vault maps used:
D:1:      enne_arrival_octagon_isle
D:3:      gammafunk_temple_overflow_claw, minitemple, first_bread,
          minmay_goblin_outpost, uniq_purgy, uniq_sigmund, uniq_jessica
D:4:      serial_shops, shop, hangedman_decor_clover_reticule,
          minmay_crystal_room
D:5:      basic_altar, kennysheep_nub

Action                   |  1- 3 |  4- 6 |  7- 9 || total
-------------------------+-------+-------+-------++-------
Melee: Short sword       |   118 |   262 |    75 ||   455
 Fire: Blowgun           |       |    27 |    29 ||    56
Throw: Throwing net      |       |     2 |       ||     2
Invok: Depart the Abyss  |     1 |       |       ||     1
  Use: Scroll            |     5 |     6 |     2 ||    13
       Potion            |       |     3 |       ||     3
 Stab: Sleeping          |     9 |     7 |     1 ||    17
  Eat: Fruit             |       |     1 |     1 ||     2
